 Dungeon Crawl Stone Soup version 0.26.1-11-gd32895ea62 (webtiles) character file.

Game seed: 4364874451007485740

84 Zeld the Slasher (level 4, 0/29 HPs)
             Began as an Octopode Warper on May 19, 2021.
             Slain by a gnoll
             ... wielding a +0 flail
              (14 damage)
             ... on level 2 of the Dungeon.
             The game lasted 00:02:08 (2211 turns).

Zeld the Slasher (Octopode Warper)                  Turns: 2211, Time: 00:02:09

Health: 0/29       AC:  1    Str: 11    XL:     4   Next: 46%
Magic:  8/8        EV: 13    Int: 15    God:
Gold:   36         SH:  0    Dex: 11    Spells: 4/9 levels left

rFire    . . .     SeeInvis .   a - +0 falchion
rCold    . . .     Faith    .   (no shield)
rNeg     . . .     Spirit   .   (helmet restricted)
rPois    .         Reflect  .   (no amulet)
rElec    .         Harm     .   (no ring)
rCorr    .         Rampage  .   (no ring)
Will     .....                  (no ring)
Stlth    ++........             (no ring)
HPRegen  0.09/turn              (no ring)
MPRegen  0.11/turn              (no ring)
                                (no ring)
                                (no ring)

@: no status effects
A: almost no armour, stealthy swim, amphibious, 8 rings, constrict 8, camouflage
1, gelatinous body 1
a: no special abilities


You were on level 2 of the Dungeon.
You visited 1 branch of the dungeon, and saw 2 of its levels.

You collected 36 gold pieces.

Inventory:

Hand Weapons
 a - a +0 falchion (weapon)
Missiles
 d - 5 boomerangs of dispersal (quivered)
Jewellery
 e - an uncursed ring of stealth {unknown}
Scrolls
 c - a scroll of blinking
 g - 2 scrolls of identify {unknown}
 h - a scroll of immolation {unknown}
 j - a scroll of amnesia {unknown}
 k - 2 scrolls of remove curse {unknown}
 l - a scroll of enchant armour {unknown}
 o - a scroll of fear {unknown}
 p - a scroll of noise {unknown}
Potions
 b - a potion of attraction {unknown}
 f - 2 potions of degeneration {unknown}
 i - a potion of heal wounds {unknown}
 m - a potion of brilliance {unknown}
 n - a potion of haste {unknown}
 q - 2 potions of curing {unknown}


   Skills:
 - Level 2.0 Fighting
 * Level 3.5 Long Blades
 - Level 1.0 Throwing
 - Level 2.3 Dodging
 * Level 3.3 Spellcasting
 - Level 3.0 Translocations


You had 4 spell levels left.
You knew the following spells:

 Your Spells              Type           Power        Failure   Level
a - Blink                 Tloc           N/A          9%          2
b - Gell's Gravitas       Tloc           5%           17%         3

Your spell library contained the following spells:

 Spells                   Type           Power        Failure   Level
 Lesser Beckoning         Tloc           5%           17%         3
 Teleport Other           Tloc           11%          17%         3
 Passage of Golubria      Tloc           N/A          50%         4


Dungeon Overview and Level Annotations

Branches:
Dungeon (2/15)

Altars:
Makhleb


Innate Abilities, Weirdness & Mutations

You cannot wear most types of armour.
You are very stealthy in the water. (Stealth+)
You are amphibious.
You can wear up to eight rings at the same time.
You can use your tentacles to constrict eight enemies at once.
Your skin changes colour to match your surroundings (Stealth+).
Your rubbery body absorbs attacks. (AC +1, EV +1)


Message History

You climb downwards.
The gnoll closely misses you.
There is a stone staircase leading up here.
You hit the gnoll but do no damage. You grab the gnoll.
You constrict the gnoll, but do no damage.
The gnoll hits you with a +0 flail!
Unknown command.
You hit the gnoll but do no damage. You squeeze the gnoll.
The gnoll is lightly wounded.
You constrict the gnoll. The gnoll hits you with a +0 flail!
You are too injured to fight recklessly!
Unknown command.
Unknown command.
You are too injured to fight recklessly!
You are too injured to fight recklessly!
You are too injured to fight recklessly!
You hit the gnoll but do no damage.
The gnoll is moderately wounded.
You constrict the gnoll, but do no damage.
The gnoll hits you with a +0 flail!
You die...

...#
##.....###....#
.#.###
#######......#
.....### #.#....#
.......# ##.######
.....#.######..#
.....#........#####
.....######....)..#
............#####.#
......##########@g#
.......# #####...##
....##.###.<....##
##..# ...#......#
#..####.#......#
###...##.#......#
##..#.g.........#
......##....(...#
....#..##.......#


You could see a gnoll.

Vanquished Creatures
  3 gnolls
  2 adders (D:2)
  2 dart slugs (D:1)
  A ball python (D:1)
  3 bats
  3 goblins
  4 hobgoblins
  5 jackals (D:1)
  4 frilled lizards
  4 kobolds
  5 rats
36 creatures vanquished.

Vanquished Creatures (others)
  11 plants (D:2)
11 creatures vanquished.

Grand Total: 47 creatures vanquished

Notes
Turn   | Place    | Note
-------+----------+-------------------------------------------
     0 | D:1      | Zeld the Octopode Warper began the quest for the Orb.
     0 | D:1      | Reached XP level 1. HP: 14/14 MP: 3/3
   119 | D:1      | Reached XP level 2. HP: 13/19 MP: 5/5
   122 | D:1      | Learned a level 2 spell: Blink
   858 | D:1      | Reached XP level 3. HP: 21/24 MP: 6/6
   865 | D:1      | Learned a level 3 spell: Gell's Gravitas
  1666 | D:2      | Found a burning altar of Makhleb.
  1672 | D:2      | Reached XP level 4. HP: 10/29 MP: 8/8
  2211 | D:2      | Slain by a gnoll

Illustrated notes

Levels and vault maps discovered:
D:1:      dpeg_arrival_tiny_a, layout_loops_ring, serial_rivers,
          chequers_serial_rivers_marsh, chequers_serial_rivers_room_b,
          chequers_serial_rivers_small_b, chequers_serial_rivers_large_a,
          chequers_serial_rivers_small_b, feat_on_display
D:2:      layout_rooms, lightli_temple_of_fire, kennysheep_small_spiral,
          serial_bayou_ford_a

Skill      XL: |  1  2  3 |
---------------+----------+-----
Long Blades    | 3 |  3.5
Spellcasting   | 3 |  3.3
Fighting       | |  2.0
Throwing       | |  1.0
Dodging        | |  2.3
Translocations | |  3.0

Action                   |  1- 3 |  4- 6 || total
-------------------------+-------+-------++-------
Melee: Falchion          |    63 |    14 ||    77
       Constrict         |    24 |     5 ||    29
       Tentacles         |    13 |     3 ||    16
 Cast: Blink             |       |     2 ||     2
 Stab: Sleeping          |     7 |       ||     7
Armor: Skin              |     8 |     2 ||    10
Dodge: Dodged            |    52 |    11 ||    63
       Rpst.: Falchion   |    11 |     4 ||    15
